 Dungeon Crawl Stone Soup version 0.30-a0-777-ga9a30cbeda (webtiles) character file.

Game seed: 10718090534512893099

56 Smoke131 the Chopper (level 3, -7/37 HPs)
             Began as an Ogre Gladiator on Feb 14, 2023.
             Mangled by Terence
             ... wielding a +0 falchion
              (9 damage)
             ... on level 2 of the Dungeon.
             The game lasted 00:02:27 (975 turns).

Smoke131 the Chopper (Ogre Gladiator)                Turns: 975, Time: 00:02:27

Health: -7/37      AC:  3    Str: 18    XL:     3   Next: 95%
Magic:  3/3        EV: 10    Int:  9    God:
Gold:   102        SH:  0    Dex: 12    Spells: 2/2 levels left

rFire   . . .      SeeInvis .    a - +0 war axe
rCold   . . .      Faith    .    (no shield)
rNeg    . . .      Spirit   .    b - +0 robe
rPois   .          Reflect  .    c - +0 hat
rElec   .          Harm     .    (no cloak)
rCorr   .          Rampage  .    (gloves unavailable)
Will    .....                    (boots unavailable)
Stlth   +                        (no amulet)
HPRegen 0.26/turn                (no ring)
MPRegen 0.08/turn                (no ring)

@: mighty
A: large, unfitting armour, tough skin 1
a: no special abilities


You were on level 2 of the Dungeon.
You visited 1 branch of the dungeon, and saw 2 of its levels.

You collected 102 gold pieces.

Inventory:

Hand Weapons
 a - a +0 war axe (weapon)
Missiles
 d - 3 throwing nets
 e - a large rock
 j - 24 stones
 l - 6 poisoned darts
 m - 5 boomerangs (quivered)
Armour
 b - a +0 robe (worn)
 c - a +0 hat (worn)
Scrolls
 g - a scroll of teleportation {unknown}
 i - a scroll of vulnerability {unknown}
 k - a scroll of blinking {unknown}
Potions
 h - a potion of heal wounds {unknown}


   Skills:
 - Level 3.0 Fighting
 - Level 3.0(3.3) Axes
 + Level 1.7(2.5) Maces & Flails
 + Level 3.0 Throwing
 - Level 3.0 Dodging


You had 2 spell levels left.
You didn't know any spells.
Your spell library was empty.

Dungeon Overview and Level Annotations

Branches:
Dungeon (2/15)

Altars:
Trog

Annotations:
D:2 Terence


Innate Abilities, Weirdness & Mutations

You are too large for most types of armour.
You have tough skin. (AC +1)


Message History

Aim: Terence, wielding a +0 falchion and wearing a +0 scale mail of fire resistance (lightly wounded, 63% to hit)
You throw a boomerang. The boomerang hits Terence.
Terence is moderately wounded.
Terence closely misses you.
Throw: 5 boomerangs
Press: ? - help, Q - select action, (/) - cycle Shift-Dir - straight line, f/p - Terence
Aim: Terence, wielding a +0 falchion and wearing a +0 scale mail of fire resistance (moderately wounded, 63% to hit)
You throw a boomerang. The boomerang closely misses Terence.
The ball python bites you but does no damage.
Terence hits you with a +0 falchion! The ball python bites you.
Terence barely misses you.
Throw: 5 boomerangs
Press: ? - help, Q - select action, (/) - cycle Shift-Dir - straight line, f/p - Terence
Aim: Terence, wielding a +0 falchion and wearing a +0 scale mail of fire resistance (moderately wounded, 63% to hit)
You throw a boomerang.
The boomerang hits Terence but does no damage.
Terence is moderately wounded.
The ball python bites you. x2; Terence closely misses you.
The ball python bites you.
* * * LOW HITPOINT WARNING * * *
You slash the ball python!
You kill the ball python!
You hit Terence but do no damage. You closely miss the ball python.
The ball python bites you.
* * * LOW HITPOINT WARNING * * *
Terence closely misses you.
Your Throwing skill increases to level 3!
You hit the ball python.
You kill the ball python!
You barely miss Terence. Terence barely misses you.
Throw: 5 boomerangs
Press: ? - help, Q - select action, (/) - cycle Shift-Dir - straight line, f/p - Terence
Aim: Terence, wielding a +0 falchion and wearing a +0 scale mail of fire resistance (moderately wounded, 63% to hit)
You throw a boomerang. The boomerang barely misses Terence.
Terence hits you with a +0 falchion!
* * * LOW HITPOINT WARNING * * *
It was a potion of might.
You feel very mighty all of a sudden. Terence hits you with a +0 falchion!
You die...

#..> ###### ###. ......
... #. ...... ... #.
......############.####.
................##...##.
................##...##.
.......@........##...##.
.......@.........[......
#######.....##..........
#.._..##....).....
S.......######.#####
.........# #.# #
............ ....####
............. ........
...................###
####.#....


You could see Terence.

Vanquished Creatures
  2 adders (D:2)
  2 dart slugs
  5 ball pythons
  2 bats (D:1)
  3 endoplasms
  A giant cockroach (D:1)
  2 goblins (D:1)
  4 hobgoblins
  2 kobolds
  A quokka (D:1)
  4 frilled lizards
  5 rats
33 creatures vanquished.

Notes
Turn   | Place    | Note
-------+----------+-------------------------------------------
     0 | D:1      | Smoke131 the Ogre Gladiator began the quest for the Orb.
     0 | D:1      | Reached XP level 1. HP: 22/22 MP: 1/1
    82 | D:1      | Reached XP level 2. HP: 25/29 MP: 2/2
   269 | D:1      | Reached skill level 1 in Maces & Flails
   584 | D:1      | Reached XP level 3. HP: 37/37 MP: 3/3
   604 | D:1      | Found a faded altar of an unknown god.
   951 | D:2      | Found a bloodstained altar of Trog.
   958 | D:2      | Noticed Terence
   975 | D:2      | Mangled by Terence

Illustrated notes

Levels and vault maps discovered:
D:1:      moated_graveyard_arrival, layout_loops_cross,
          shapermc_ecumenical_altar_notcrosses
D:2:      layout_basic, basic_altar, uniq_crazy_yiuf_cottage, uniq_terence

Skill      XL: |  1  2  3 |
---------------+----------+-----
Fighting       | 3 |  3.0
Dodging        | 3 |  3.0
Maces & Flails | 1 |  1.7
Throwing       | 3 |  3.0
Axes           | |  3.0

Action                     || total
---------------------------++-------
  Melee: War axe           ||    98
         Punch             ||     2
  Throw: Boomerang         ||    10
    Use: Potion            ||     1
   Stab: Sleeping          ||     2
 Armour: Robe              ||    37
  Dodge: Dodged            ||    61

Table legend: (Time is in decaauts)
 A = Elapsed time spent in this place.
 B = Non-inter-level travel time spent in this place.
 C = Inter-level travel time spent in this place.
 D = Time resting spent in this place.
 E = Time spent auto-exploring this place.
 F = Levels seen in this place.
 G = Mean time per level.
                   A        B        C        D        E       F      G
               +--------+--------+--------+--------+--------+-----+--------+
         Total |   1010 |   1010 |      0 |      0 |    710 |   2 |  505.0 |
       Dungeon |   1010 |   1010 |      0 |      0 |    710 |   2 |  505.0 |
               +--------+--------+--------+--------+--------+-----+--------+

Top non-repeatable levels by time:
     D:1: 771 daAuts
     D:2: 238 daAuts
